 Dungeon Crawl Stone Soup version 0.17.0-24-gcfadda4 (webtiles) character file.

73 Jaden271 the Chiller (level 4, -1/33 HPs)
             Began as a Draconian Ice Elementalist on Nov 15, 2015.
             Slain by a hobgoblin (5 damage)
             ... on level 3 of the Dungeon.
             The game lasted 00:15:49 (2400 turns).

Jaden271 the Chiller (Draconian Ice Elementalist)   Turns: 2400, Time: 00:15:49

Health: -1/33      AC:  5    Str: 10    XL:     4   Next: 8%
Magic:  0/7        EV: 12    Int: 17    God:
Gold:   146        SH:  0    Dex: 11    Spells: 2 memorised, 5 levels left

rFire  . . .     SeeInvis .     e - +0 dagger (drain)
rCold  . . .     Clarity  .     (armour unavailable)
rNeg   . . .     SustAt   .     (no shield)
rPois  .         Gourm    .     (helmet restricted)
rElec  .         Spirit   +     (no cloak)
rCorr  .         Warding  .     (no gloves)
rMut   .         Stasis   .     (no boots)
MR     .....                    n - amulet of guardian spirit
Stlth  ++........               (no ring)
                                (no ring)

@: very slightly contaminated, not resistant to hostile enchantments, unstealthy
A: unfitting armour, cold-blooded, AC +5
a: no special abilities


You were on level 3 of the Dungeon.
You were not hungry.

You visited 1 branch of the dungeon, and saw 3 of its levels.

You collected 146 gold pieces.

Inventory:

Hand Weapons
 d - a +0 short sword
 e - a +0 dagger of draining (weapon)
 k - a cursed -2 spear
Jewellery
 n - an amulet of guardian spirit (around neck)
Scrolls
 f - a scroll of fog
 i - a scroll of remove curse
 l - a scroll of enchant armour
Potions
 g - a potion of flight
Books
 a - a book of Frost

   Spells                             Type                      Level
   a - Freeze                         Ice                          1
   b - Throw Frost                    Conjuration/Ice              2
   c - Ozocubu's Armour               Charms/Ice                   3
   d - Throw Icicle                   Conjuration/Ice              4
   e - Summon Ice Beast               Ice/Summoning                4
   f - Condensation Shield            Ice                          4
Comestibles
 b - 5 bread rations
 c - 2 chunks of flesh
 m - 2 meat rations


   Skills:
 + Level 0.2 Fighting
 + Level 0.2 Short Blades
 * Level 2.2 Dodging
 - Level 2.0 Stealth
 + Level 2.6 Spellcasting
 + Level 1.0 Conjurations
 * Level 4.0 Ice Magic


You had 5 spell levels left.
You knew the following spells:

 Your Spells              Type           Power        Failure   Level  Hunger
a - Freeze                Ice            ###.         3%          1    #......
b - Throw Frost           Conj/Ice       ##....       12%         2    ##.....


Dungeon Overview and Level Annotations

Branches:
Dungeon (3/15)

Altars:
Ashenzari


Innate Abilities, Weirdness & Mutations

Your plain brown scales are hard (AC +5).
Your body does not fit into most forms of armour.
You are cold-blooded and may be slowed by cold attacks.


Message History

The hobgoblin shoots a sling bullet.
The sling bullet hits you!
You see here a sling bullet.
The hobgoblin shoots a sling bullet.
The sling bullet hits you but does no damage.
You see here a sling bullet.
You start resting.
Drink which item? (? for menu, Esc to quit)
Okay, then.
The hobgoblin shoots a sling bullet.
The sling bullet hits you!
* * * LOW HITPOINT WARNING * * *
The goblin unwields an uncursed hunting sling.
The goblin closely misses you.
You see here 2 sling bullets.
The hobgoblin unwields an uncursed hunting sling.
The hobgoblin hits you but does no damage.
You see here a sling bullet.
Read which item? (? for menu, Esc to quit)
As you read the scroll of fog, it crumbles to dust.
The scroll dissolves into smoke.
The goblin misses you. The hobgoblin hits you.
You die...

≈≈≈≈≈≈≈≈≈≈≈≈≈≈≈≈≈≈≈≈≈≈≈g≈....
...≈≈≈≈≈≈.≈≈.≈≈≈≈..≈.≈.g...S.
...(...............(((.......
.................(...........
#######..######..).....##.###
#.## ##(#.#..## $. #.#
#§#....# . #.# #g##...#####
#.########@##).......
#.......§§g§§÷.....#
########§§§###.#.### ####..##
.... # #.....######.#.####
#.##.....# #.#.#..
#)######<.##.#...# #.#
#..#...#.# ##.# #....##.#


You could see a hobgoblin and a goblin.

Vanquished Creatures
  An adder (D:2)
  2 worms (D:3)
  2 giant geckos (D:2)
  3 orcs (D:3)
  3 giant cockroaches
  11 goblins
  6 hobgoblins
  6 kobolds
  4 bats
  3 giant newts
  2 jackals (D:2)
  9 rats
52 creatures vanquished.

Notes
Turn   | Place    | Note
--------------------------------------------------------------
     0 | D:1      | Jaden271 the Draconian Ice Elementalist began the quest for the Orb.
     0 | D:1      | Reached XP level 1. HP: 14/14 MP: 3/3
   225 | D:1      | Reached XP level 2. HP: 20/20 MP: 3/5
   831 | D:2      | Learned a level 2 spell: Throw Frost
   884 | D:2      | Reached XP level 3. HP: 23/26 MP: 3/6
  1274 | D:2      | Reached skill level 4 in Ice Magic
  1722 | D:3      | Found a shattered altar of Ashenzari.
  2304 | D:3      | Reached XP level 4. HP: 29/33 MP: 3/7
  2400 | D:3      | Slain by a hobgoblin

Action                   |  1- 3 |  4- 6 || total
-------------------------+-------+-------++-------
Melee: Dagger            |    71 |     9 ||    80
 Cast: Freeze            |    43 |     3 ||    46
       Throw Frost       |    12 |     3 ||    15
  Use: Potion            |     7 |       ||     7
       Scroll            |     7 |     1 ||     8
  Eat: Chunk             |     6 |       ||     6
